 Dungeon Crawl Stone Soup version 0.25-a0-253-g6f1b5d974a (webtiles) character file.

Game seed: 10189581803866325139, levelgen mode: classic

7124 Borgoz the Carver (level 11, -11/68 HPs)
             Began as a Gargoyle Gladiator on Dec 5, 2019.
             Was an Initiate of Ashenzari.
             Killed from afar by Erolcha (28 damage)
             ... with a crystal spear
             ... on level 10 of the Dungeon.
             The game lasted 00:21:44 (11695 turns).

Borgoz the Carver (Gargoyle Gladiator)             Turns: 11695, Time: 00:21:44

Health: -11/68     AC: 19    Str: 24    XL:     11   Next: 10%
Magic:  14/14      EV: 14    Int: 10    God:    Ashenzari [......]
Gold:   509        SH:  4    Dex: 12    Spells: 13/14 levels left

rFire    + . .     SeeInvis .   a - +0 long sword (curse)
rCold    + . .     Gourm    .   p - +0 buckler
rNeg     + + .     Faith    .   u - +2 ring mail {rC+} (curse)
rPois    ∞         Spirit   .   s - +0 helmet (curse)
rElec    +         Reflect  .   (no cloak)
rCorr    .         Harm     .   (no gloves)
MR       .....                  n - +0 pair of boots
Stlth    +.........             (no amulet)
HPRegen  0.21/turn              r - ring of positive energy
MPRegen  0.14/turn              v - ring of protection from fire (curse)

@: mighty
A: negative energy resistance 1, electricity resistance, unbreathing,
petrification resistance, rot immunity, AC +8
a: Curse Item, Renounce Religion


You were on level 10 of the Dungeon.
You worshipped Ashenzari.
Ashenzari was noncommittal.
You were not hungry.

You visited 1 branch of the dungeon, and saw 10 of its levels.
You also visited: Sewer.

You collected 509 gold pieces.

Inventory:

Hand Weapons
 a - a cursed +0 long sword (weapon)
Missiles
 d - 2 throwing nets (quivered)
Armour
 n - a +0 pair of boots (worn)
 p - a +0 buckler (worn)
 s - a cursed +0 helmet (worn)
 u - a cursed +2 ring mail of cold resistance (worn)
 I - a +0 troll leather armour
Jewellery
 i - an uncursed ring of wizardry
 r - a ring of positive energy (left hand)
 v - a cursed ring of protection from fire (right hand)
Wands
 c - a wand of disintegration (12)
 t - a wand of flame (41)
 D - a wand of random effects (29)
 F - a wand of polymorph (8)
 H - a wand of acid (5)
Scrolls
 e - 10 scrolls of teleportation
 g - 2 scrolls of enchant armour
 h - 2 scrolls of remove curse
 j - 2 scrolls of silence
 l - 4 scrolls of enchant weapon
 o - 5 scrolls of amnesia
 x - a scroll of blinking
 y - 4 scrolls of fog
 z - a scroll of fear
 B - 2 scrolls of magic mapping
 G - 2 scrolls of identify
 J - a scroll of vulnerability {unknown}
Potions
 b - 2 potions of brilliance
 k - 3 potions of might
 m - 4 potions of curing
 w - 2 potions of haste
 A - a potion of magic
 E - 3 potions of mutation
Comestibles
 f - 16 rations
 q - 4 chunks of flesh


   Skills:
 + Level 8.2 Fighting
 * Level 9.8 Long Blades
 - Level 1.7 Throwing
 + Level 7.8 Armour
 + Level 6.5 Dodging
 + Level 2.1 Shields
 - Level 2.0 Spellcasting
 + Level 2.5 Hexes


You had 13 spell levels left.
You knew the following spells:

 Your Spells              Type           Power        Failure   Level  Hunger
a - Confusing Touch       Hex            #.....       21%         1    ##.....

Your spell library contained the following spells:

 Spells                   Type           Power        Failure   Level  Hunger
 Corona                   Hex            #......      21%         1    ##.....
 Ensorcelled Hibernation  Hex/Ice        #.....       45%         2    ###....
 Animate Skeleton         Necr           N/A          50%         1    ##.....
 Apportation              Tloc           #.....       50%         1    ##.....
 Summon Small Mammal      Summ           #...         50%         1    ##.....
 Confuse                  Hex            #.......     52%         3    ####...
 Tukima's Dance           Hex            #.......     52%         3    ####...
 Dazzling Flash           Conj/Hex       #.....       71%         3    ####...


Dungeon Overview and Level Annotations

Branches:
Dungeon (10/15)            Temple (0/1) D:5            Lair (0/6) D:9
  Sewer (visited)
    Orc: D:9-12

Altars:
Ashenzari
Dithmenos
Fedhas
Hepliaklqana
Nemelex Xobeh
Ru
Sif Muna
Uskayaw
Wu Jian
Zin
The Shining One

Shops:
D:4 }

Annotations:
D:8 2 transporters, Leeroy's ghost, novice DrCj
D:10 Erolcha


Innate Abilities, Weirdness & Mutations

You are resistant to torment.
Your stone body is resilient. (AC +8)
You are immune to poison.
You resist negative energy. (rN+)
You are resistant to electric shocks. (rElec)
You can survive without breathing.
You are immune to petrification.
You are immune to rotting.


Message History

Erolcha is severely wounded.
You barely miss Erolcha.
Erolcha is severely wounded.
Erolcha misses you.
You slash Erolcha!
Erolcha is severely wounded.
You barely miss Erolcha.
Erolcha is severely wounded.
Erolcha hits you with a +0 giant spiked club!
* * * LOW HITPOINT WARNING * * *
You slash Erolcha!
Erolcha is almost dead.
Erolcha casts a spell at you. You resist with some effort.
You closely miss Erolcha.
Erolcha is almost dead.
Erolcha screams, "Erolcha angry!"
Erolcha casts a spell at you. The crystal spear hits you!!
You die...

+..<..# #.....#
#.##..#.....#
###)#####.....#
#.......#.....#
+.......#.....#
#...##..#.....#
#...##..#l....##
#....#.@#.......
#....#..Ol......
#....#..#.......
.....#..#.......
#..#.......
#+##.......
....... .......
.......


You could see Erolcha and an iguana.

Vanquished Creatures
  A troll (D:9)
  A hornet (D:8)
  A hippogriff (D:8)
  2 hogs (D:7)
  A human (D:7)
  8 yaks
  2 ice beasts
  Duvessa (D:4)
  3 orc warriors
  2 sky beasts
  2 necrophages
  6 ogres
  2 black bears
  5 centaurs
  A big kobold (D:7)
  4 bullfrogs
  Dowan (D:4)
  3 scorpions
  20 killer bees
  5 wights (D:6)
  2 howler monkeys
  3 crimson imps
  A centaur zombie (D:9)
  A jelly (D:6)
  3 orc priests
  Crazy Yiuf (D:3)
  4 hounds
  9 orc wizards
  Jessica (D:2)
  A centaur skeleton (D:8)
  An iguana (D:9)
  9 worker ants
  Ijyb (D:4)
  Natasha (D:4)
  A hound skeleton (D:4)
  A worker ant zombie (D:8)
  9 adders
  3 river rats
  2 shadow imps
  4 oozes
  3 adder zombies
  A worm (D:4)
  A dart slug (D:2)
  3 leopard geckos
  29 orcs
  13 ball pythons
  6 bats
  9 giant cockroaches
  7 goblins
  4 hobgoblins
  15 jackals
  12 kobolds
  4 quokkas
  6 frilled lizards
  A jackal skeleton (D:5)
  A leopard gecko zombie (D:6)
  A quokka skeleton (D:8)
  33 rats
278 creatures vanquished.

Vanquished Creatures (others)
  A fungus (D:9)
  A plant (D:9)
2 creatures vanquished.

Grand Total: 280 creatures vanquished

Notes
Turn   | Place    | Note
-------+----------+-------------------------------------------
     0 | D:1      | Borgoz the Gargoyle Gladiator began the quest for the Orb.
     0 | D:1      | Reached XP level 1. HP: 12/12 MP: 1/1
   127 | D:1      | Reached XP level 2. HP: 18/18 MP: 2/2
   252 | D:1      | Reached skill level 3 in Long Blades
   331 | D:1      | Reached skill level 1 in Armour
   343 | D:1      | Reached XP level 3. HP: 20/22 MP: 3/3
  1061 | D:2      | Noticed Jessica
  1079 | D:2      | Killed Jessica
  1079 | D:2      | Reached XP level 4. HP: 20/27 MP: 4/4
  2082 | D:3      | Found a runed translucent door.
  2083 | D:3      | Noticed Crazy Yiuf
  2094 | D:3      | Killed Crazy Yiuf
  2094 | D:3      | Reached XP level 5. HP: 17/32 MP: 5/5
  2823 | D:4      | Found Pocoonk's Gadget Boutique.
  2836 | D:4      | Reached skill level 4 in Long Blades
  2890 | D:4      | Noticed Ijyb
  2900 | D:4      | Killed Ijyb
  2974 | D:4      | Found a glowing drain.
  2983 | D:4      | Reached XP level 6. HP: 32/37 MP: 6/6
  3009 | Sewer    | Entered a sewer
  3610 | Sewer    | Reached XP level 7. HP: 42/43 MP: 7/7
  3830 | D:4      | Noticed Dowan
  3831 | D:4      | Noticed Duvessa
  3854 | D:4      | Killed Duvessa
  3854 | D:4      | Reached skill level 5 in Long Blades
  3867 | D:4      | Killed Dowan
  4264 | D:4      | Found a sacrificial altar of Ru.
  4279 | D:4      | Noticed Natasha
  4293 | D:4      | Killed Natasha
  4490 | D:5      | Entered Level 5 of the Dungeon
  4630 | D:5      | Found a hazy altar of Hepliaklqana.
  5920 | D:5      | Reached XP level 8. HP: 32/48 MP: 8/8
  6151 | D:5      | Found a staircase to the Ecumenical Temple.
  6194 | D:5      | Found a sparkling altar of Nemelex Xobeh.
  6245 | D:5      | Reached skill level 5 in Fighting
  6245 | D:5      | Reached skill level 6 in Long Blades
  6794 | D:6      | Found a glowing golden altar of the Shining One.
  6902 | D:6      | Reached skill level 5 in Armour
  7074 | D:6      | Reached XP level 9. HP: 55/55 MP: 9/9
  7130 | D:6      | Reached skill level 7 in Long Blades
  7179 | D:6      | Found a glowing silver altar of Zin.
  7377 | D:6      | Found a shadowy altar of Dithmenos.
  7411 | D:6      | Reached skill level 5 in Dodging
  8156 | D:7      | Reached skill level 8 in Long Blades
  8786 | D:7      | Reached XP level 10. HP: 50/63 MP: 10/10
  9145 | D:8      | Learned a level 1 spell: Confusing Touch
  9156 | D:8      | Found a shattered altar of Ashenzari.
  9202 | D:8      | Reached skill level 9 in Long Blades
  9484 | D:8      | Reached skill level 1 in Spellcasting
  9484 | D:8      | Reached skill level 1 in Hexes
  9565 | D:8      | Found a transporter.
  9573 | D:8      | Noticed Leeroy's ghost (novice DrCj)
  9574 | D:8      | Found a transporter.
  9699 | D:8      | Found a shimmering blue altar of Sif Muna.
  9856 | D:8      | Found a blossoming altar of Fedhas.
  9857 | D:8      | Found a hide-covered altar of Uskayaw.
 10071 | D:8      | Became a worshipper of Ashenzari the Shackled
 10143 | D:9      | Found an ornate altar of the Wu Jian Council.
 10449 | D:9      | Reached skill level 1 in Shields
 11092 | D:9      | Found a staircase to the Lair.
 11134 | D:9      | Reached XP level 11. HP: 28/68 MP: 14/14
 11640 | D:10     | Entered Level 10 of the Dungeon
 11673 | D:10     | Noticed Erolcha
 11695 | D:10     | Killed from afar by Erolcha

Levels and vault maps discovered:
D:1:      matt_arrival_diagonals, layout_loops_corners
D:2:      layout_basic, uniq_jessica
D:3:      minmay_inner_zag, layout_basic, first_ration, bh_walls_and_bars,
          uniq_crazy_yiuf_cottage
D:4:      layout_loops_ring, lemuel_doored_altar, serial_shops,
          nicolae_shop_crystal, portal_sewer_entry_b, minmay_tree_intersection,
          uniq_ijyb, uniq_natasha, uniq_duvessa
D:5:      layout_basic, marbit_many_paths, kennysheep_mini,
          minmay_temple_entry_purple_smoke
D:6:      layout_basic, lemuel_crystal_altar, zin_statuary,
          kennysheep_little_box
D:7:      layout_loops_ring, grunt_livestock
D:8:      layout_basic, nicolae_overflow_crystal_walls,
          nicolae_overflow_hidden_temple, gammafunk_ghost_arena
D:9:      layout_basic, overflow_temple_1_default, dpeg_oklobed_lair
D:10:     layout_gridville, minmay_orc_entry_temple_small, uniq_maurice,
          uniq_erolcha, uniq_fannar

Skill      XL: |  1  2  3  4  5  6  7  8  9 10 11 |
---------------+----------------------------------+-----
Long Blades    | 3 4 5 6 8 9 |  9.8
Armour         | 1 2 3 4 5 6 7 |  7.8
Fighting       | 3 4 5 7 8 |  8.2
Dodging        | 3 4 5 6 |  6.5
Spellcasting   | 2 |  2.0
Hexes          | 2 |  2.5
Shields        | 1 2 |  2.1
Throwing       | |  1.7

Action                   |  1- 3 |  4- 6 |  7- 9 | 10-12 || total
-------------------------+-------+-------+-------+-------++-------
Melee: Long sword        |   109 |   201 |   528 |   436 ||  1274
Throw: Throwing net      |       |       |     5 |     2 ||     7
Invok: Curse Item        |       |       |       |     4 ||     4
Evoke: Wand              |       |       |       |     4 ||     4
  Use: Scroll            |       |     6 |     8 |     6 ||    20
       Potion            |       |       |     3 |     7 ||    10
 Stab: Sleeping          |     1 |       |       |       ||     1
  Eat: Chunk             |     1 |     8 |    11 |    10 ||    30
       Ration            |       |       |     2 |       ||     2
Armor: Leather armour    |    50 |    34 |       |       ||    84
       Ring mail         |       |   100 |   291 |   198 ||   589
       Skin              |       |       |    24 |       ||    24
Dodge: Dodged            |    65 |   165 |   312 |   261 ||   803
Block: Buckler           |       |    30 |    64 |    51 ||   145
       Rpst.: Long sword |    26 |    50 |    82 |    85 ||   243

Table legend:
 A = Non-vault XP
 B = Vault XP
 C = Vault XP percentage of total XP
 D = Non-vault monster count
 E = Vault monster count
 F = Vault count percentage of total count
                 A         B        C        D         E       F
            +---------+---------+-------+---------+---------+-------
      Total |    8464 |    1714 |  16.8 |     210 |      68 |  24.5
            +---------+---------+-------+---------+---------+-------
        D:1 |      53 |       0 |   0.0 |      28 |       0 |   0.0
        D:2 |      39 |      37 |  48.7 |      16 |       1 |   5.9
        D:3 |      16 |      63 |  79.7 |      10 |       6 |  37.5
        D:4 |     228 |     298 |  56.7 |       6 |       7 |  53.8
        D:5 |     538 |       2 |   0.4 |      17 |       1 |   5.6
        D:6 |    1549 |       0 |   0.0 |      29 |       0 |   0.0
        D:7 |    1446 |     984 |  40.5 |      32 |       5 |  13.5
        D:8 |    1923 |       0 |   0.0 |      32 |       0 |   0.0
        D:9 |    2415 |       0 |   0.0 |      31 |       0 |   0.0
       D:10 |     257 |       0 |   0.0 |       9 |       0 |   0.0
      Sewer |       0 |     330 | 100.0 |       0 |      48 | 100.0
            +---------+---------+-------+---------+---------+-------
